 Dungeon Crawl Stone Soup version 0.16-a0-4038-ge07a62f (webtiles) character file.

4869 Ololoev the Cleaver (level 10, -4/74 HPs)
             Began as a Hill Orc Gladiator on Feb 19, 2015.
             Was an Elder of Beogh.
             Slain by a wight
             ... wielding a +2 great sword of electrocution
              (10 damage)
             ... on level 9 of the Dungeon.
             The game lasted 00:28:06 (8418 turns).

Ololoev the Cleaver (Hill Orc Gladiator)            Turns: 8418, Time: 00:28:07

Health: -4/74      AC: 11    Str: 27    XL:     10   Next: 50%
Magic:  16/18      EV: 11    Int:  8    God:    Beogh [****..]
Gold:   225        SH:  0    Dex: 11    Spells: 0 memorised, 9 levels left

rFire  . . .     SeeInvis .     C - +0 broad axe (curse)
rCold  . . .     Clarity  .     b - +0 leather armour
rNeg   . . .     SustAb   .     (no shield)
rPois  .         Gourm    .     c - +1 helmet (curse)
rElec  .         Spirit   .     a - +0 cloak
rCorr  .         Warding  .     (no gloves)
rMut   .         Stasis   .     p - +2 pair of boots (curse)
MR     .....                    m - amulet of regeneration
Stlth  +.........               j - +3 ring of slaying
                                n - ring of invisibility

@: mighty, very slightly contaminated, heavily drained, invisible, not resistant
to hostile enchantments, very unstealthy
A: no striking features
a: Smiting, Recall Orcish Followers, Renounce Religion, Turn Visible


You were on level 9 of the Dungeon.
You worshipped Beogh.
Beogh was greatly pleased with you.
You were not hungry.

You visited 1 branch of the dungeon, and saw 9 of its levels.
You also visited: Ossuary.

You collected 429 gold pieces.
You spent 204 gold pieces at shops.

Notes
Turn   | Place    | Note
--------------------------------------------------------------
     0 | D:1      | Ololoev, the Hill Orc Gladiator, began the quest for the Orb.
     0 | D:1      | Reached XP level 1. HP: 18/18 MP: 1/1
   343 | D:1      | Reached XP level 2. HP: 12/25 MP: 2/2
   681 | D:1      | Reached skill level 1 in Armour
  1037 | D:2      | Reached skill level 5 in Axes
  1037 | D:2      | Reached XP level 3. HP: 13/30 MP: 3/3
  1271 | D:2      | Noticed Jessica
  1281 | D:2      | Killed Jessica
  1589 | D:2      | Reached XP level 4. HP: 29/37 MP: 4/4
  1793 | D:2      | Reached skill level 6 in Axes
  1884 | D:2      | Noticed Terence
  1892 | D:2      | Killed Terence
  2191 | D:2      | Reached XP level 5. HP: 35/42 MP: 5/5
  2600 | D:3      | Noticed Grinder
  2609 | D:3      | Paralysed by Grinder for 7 turns
  2614 | D:3      | HP: 2/42 [Grinder/nerve-wracking pain (3)]
  2627 | D:3      | Killed Grinder
  2627 | D:3      | Reached skill level 8 in Axes
  2627 | D:3      | Reached XP level 6. HP: 3/50 MP: 6/6
  2898 | D:3      | Became a worshipper of Beogh the Brigand
  3295 | D:4      | Reached XP level 7. HP: 50/56 MP: 7/7
  3471 | D:4      | Found a snail-covered altar of Cheibriados.
  3484 | D:4      | Found a sacrificial altar of Ru.
  3485 | D:4      | Found a basalt altar of Yredelemnul.
  3492 | D:4      | Acquired Beogh's first power
  3503 | D:4      | Reached skill level 1 in Invocations
  3601 | D:4      | Noticed Robin
  3614 | D:4      | Reached skill level 9 in Axes
  3617 | D:4      | Killed Robin
  4215 | D:5      | Entered Level 5 of the Dungeon
  4275 | D:5      | Acquired Beogh's second power
  4417 | D:5      | Found a burning altar of Makhleb.
  4541 | D:5      | Found Zogahit's Magic Scroll Emporium.
  4549 | D:5      | Bought a scroll of immolation for 42 gold pieces
  4549 | D:5      | Bought a scroll of fear for 42 gold pieces
  4551 | D:5      | Bought a scroll of identify for 24 gold pieces
  4551 | D:5      | Bought a scroll of identify for 24 gold pieces
  4551 | D:5      | Bought a scroll of identify for 24 gold pieces
  4551 | D:5      | Bought a scroll of identify for 24 gold pieces
  4551 | D:5      | Bought a scroll of identify for 24 gold pieces
  5184 | D:6      | Reached XP level 8. HP: 50/62 MP: 11/11
  5211 | D:6      | Reached skill level 10 in Axes
  5211 | D:6      | Reached skill level 5 in Armour
  5334 | D:6      | Reached skill level 1 in Evocations
  5440 | D:6      | Found Makuph's Jewellery Shop.
  5920 | D:6      | Reached skill level 11 in Axes
  6118 | D:7      | Found a staircase to the Ecumenical Temple.
  6145 | D:7      | Acquired Beogh's third power
  6164 | D:7      | Paralysed by a wasp for 2 turns
  6548 | D:7      | Reached XP level 9. HP: 61/68 MP: 14/14
  6774 | D:7      | Noticed Eustachio
  6781 | D:7      | Killed Eustachio
  6781 | D:7      | Reached skill level 12 in Axes
  6822 | D:7      | Noticed Crazy Yiuf
  6826 | D:7      | Killed Crazy Yiuf
  6967 | D:7      | Noticed Pikel
  6986 | D:7      | Killed Pikel
  7225 | D:8      | Found a sand-covered staircase.
  7368 | D:8      | Reached skill level 13 in Axes
  7371 | D:8      | Noticed a three-headed hydra
  7382 | D:8      | Killed a one-headed hydra
  7382 | D:8      | Reached skill level 5 in Evocations
  7382 | D:8      | Reached XP level 10. HP: 55/74 MP: 16/18
  7451 | Ossuary  | Entered an ossuary
  7554 | Ossuary  | Acquired Beogh's fourth power
  7648 | Ossuary  | Reached skill level 14 in Axes
  7719 | D:8      | Gained Boderik as an ally
  7751 | D:8      | Noticed a centaur skeleton
  7760 | D:8      | Killed a centaur skeleton
  7936 | D:8      | Found a bloodstained altar of Trog.
  8254 | D:8      | Noticed Uberwunderbarhen's ghost (experienced SpEn)
  8280 | D:8      | Killed Uberwunderbarhen's ghost
  8418 | D:9      | Slain by a wight

Inventory:

Hand weapons
 C - a cursed +0 broad axe (weapon)
 E - a +2 hand axe of flaming
Missiles
 d - 3 throwing nets (quivered)
Armour
 a - a +0 cloak (worn)
 b - a +0 leather armour (worn)
 c - a cursed +1 helmet (worn)
 p - a cursed +2 pair of boots (worn)
Jewellery
 j - a +3 ring of slaying (right hand)
 m - an amulet of regeneration (around neck)
 n - a ring of invisibility (left hand)
 q - an uncursed ring of protection from cold
Magical devices
 x - a wand of confusion (5)
 B - a wand of disintegration (7)
Scrolls
 h - a scroll of identify
 t - 3 scrolls of fog
 v - 4 scrolls of remove curse
 y - a scroll of enchant weapon
 z - a scroll of immolation
 D - a scroll of enchant armour
 F - a scroll of blinking
Potions
 e - a potion of curing
 g - 2 potions of restore abilities
 k - 2 potions of flight
 l - 4 potions of cure mutation
 r - a potion of cancellation
 s - a potion of heal wounds
 w - a potion of might
 I - 2 potions of haste
Comestibles
 f - 6 meat rations
 i - 5 bread rations
 o - 2 beef jerkies
 u - 14 fruits
 G - 7 slices of pizza

Table legend:
 A = Turns spent in this place as a percentage of turns spent in the entire game.
 B = Non-inter-level travel turns spent in this place as a percentage of non-inter-level travel turns spent in the entire game.
 C = Inter-level travel turns spent in this place as a percentage of turns spent in this place.
 D = Turns resting spent in this place as a percentage of non-inter-level travel turns spent in this place.
 E = Turns spent auto-exploring this place as a percentage of non-inter-level travel turns spent in this place.
 F = Non-inter-level travel turns spent in this place divided by the number of levels of this place that you've seen.
                   A       B       C       D       E      F
               +-------+-------+-------+-------+-------+----------------------
         Total | 100.0 | 100.0 |   0.3 |   2.3 |   7.8 | 382.5
       Dungeon |  94.1 |  94.1 |   0.3 |   2.2 |   7.8 | 399.9
       Ossuary |   5.9 |   5.9 |   0.0 |   3.5 |   8.0 | 226.0
               +-------+-------+-------+-------+-------+----------------------


   Skills:
 - Level 2.4(0.8) Fighting
 * Level 14.4(12.2) Axes
 - Level 2.0(0.4) Throwing
 + Level 8.6(6.6) Armour
 - Level 2.4(0.7) Dodging
 - Level 3.6(1.9) Invocations
 + Level 5.9(4.1) Evocations


You had 9 spell levels left.
You didn't know any spells.

Dungeon Overview and Level Annotations

Branches:
Dungeon (9/15)             Temple (0/1) D:7
   Lair: D:8-11         Orc: D:9-12

Altars:
Cheibriados
Makhleb
Ru
Trog
Yredelemnul

Shops:
D:5 ?   D:6 =


Message History

Use which ability? (? or * to list)
You fade into invisibility!
You are very lightly contaminated with residual magic.
You feel quite a bit more hungry. The yak gores you. The yak gores you!
The yak gores you but does no damage.
A wight comes into view. It is wielding a war axe.
Drink which item? (? for menu, Esc to quit)
You feel much better. The yak gores you. The yak gores you! The yak gores you!
The yak gores you.
Drink which item? (? for menu, Esc to quit)
You feel much better. The yak gores you but does no damage.
The yak barely misses you. The yak gores you. The yak gores you.
Drink which item? (? for menu, Esc to quit)
You feel much better. The yak gores you but does no damage.
The wight barely misses you. The yak gores you! The yak gores you!
The yak gores you but does no damage.
You hit the yak.
The yak is lightly wounded.
You barely miss the yak.
The yak is heavily wounded.
You barely miss the yak.
The yak is moderately wounded.
You slash the wight!
The wight is heavily damaged.
You hit the yak.
The yak is severely wounded.
The yak gores you! x2
The wight barely misses you.
A sky beast appears from thin air!
Reactivating autopickup.
The yak barely misses you. x2
Read which item? (? for menu, Esc to quit)
As you read the scroll of fear, it crumbles to dust.
You assume a fearsome visage.
The yak looks frightened!
The yak looks frightened! x2
The yak easily resists.
The sky beast looks frightened!
The wight is unaffected. x4
The yak completely misses you.
The wight hits you with a great sword of electrocution.
You are electrocuted!
You die...

..# ##..
##...
..#####...
.$.....#
.....##
#..z.##


#zYYY## ##@z.z# ##Y§Y..... #...... ..#### .# ## You could see 4 yaks, a sky
beast (fleeing) and 4 wights.

Table legend:
 A = Kills in this place as a percentage of kills in entire the game.
 B = Kills by you in this place as a percentage of kills by you in the entire game.
 C = Kills by friends in this place as a percentage of kills by friends in the entire game.
 D = Other kills in this place as a percentage of other kills in the entire game.
 E = Experience gained in this place as a percentage of experience gained in the entire game.
 F = Experience gained in this place divided by the number of levels of this place that you have seen.
                   A       B       C       D       E      F
               +-------+-------+-------+-------+-------+----------------------
         Total | 100.0 | 100.0 | 100.0 |  -nan | 100.0 | 695.6
       Dungeon |  87.9 |  87.6 | 100.0 |  -nan |  98.4 | 760.9
       Ossuary |  12.1 |  12.4 |   0.0 |  -nan |   1.6 | 108.0
               +-------+-------+-------+-------+-------+----------------------

Vanquished Creatures
  A hydra (D:8)
  Pikel (D:7)
  The ghost of Uberwunderbarhen the Covert, an experienced SpEn of Okawaru (D:8)
  A centaur skeleton (D:8)
  Grinder (D:3)
  Eustachio (D:7)
  2 yaks
  A black bear (D:8)
  A sky beast (D:7)
  A slave (D:7)
  A wasp (D:7)
  3 orc warriors
  A phantom (D:4)
  3 big kobolds (D:8)
  A giant frog (D:8)
  3 scorpions
  2 goliath beetles
  A centaur zombie (D:5)
  2 crimson imps (D:6)
  3 orc priests (D:6)
  Crazy Yiuf (D:7)
  8 orc wizards
  3 giant frog skeletons
  3 hounds
  An iguana (D:7)
  5 worker ants
  A big kobold zombie (Ossuary)
  2 sheep (D:8)
  Jessica (D:2)
  Terence (D:2)
  3 mummies
  3 worker ant zombies
  Robin (D:4)
  3 gnolls (D:8)
  10 adders
  7 worms
  2 adder zombies (Ossuary)
  An adder skeleton (D:6)
  6 giant geckos
  3 oozes
  26 orcs
  6 gnoll zombies (Ossuary)
  14 goblins
  13 hobgoblins
  9 jackals
  13 kobolds
  3 ball pythons
  22 bats
  4 giant cockroaches
  6 giant newts
  7 hobgoblin zombies (Ossuary)
  7 kobold zombies (Ossuary)
  6 orc zombies (Ossuary)
  5 quokkas
  2 quokka skeletons
  16 rats
255 creatures vanquished.

Vanquished Creatures (collateral kills)
  A yak (D:8)
  An orc warrior (D:8)
  A gnoll shaman (D:8)
  A gnoll (D:8)
  A kobold (D:8)
5 creatures vanquished.

Vanquished Creatures (others)
  2 orcs (D:8)
  A goblin (D:4)
3 creatures vanquished.

Grand Total: 263 creatures vanquished

Action                   |  1- 3 |  4- 6 |  7- 9 | 10-12 || total
-------------------------+-------+-------+-------+-------++-------
Melee: War axe           |   109 |   137 |   332 |       ||   578
       Broad axe         |       |       |    71 |   125 ||   196
       Hand axe          |       |       |     5 |       ||     5
Invok: Convert to Beogh  |       |     1 |       |       ||     1
       Smiting           |       |       |     4 |       ||     4
       Recall Orcish Fol |       |       |       |     1 ||     1
 Abil: Evoke Invisibilit |       |       |     2 |     1 ||     3
Evoke: Wand              |       |       |     3 |     6 ||     9
  Use: Scroll            |       |    13 |    10 |     2 ||    25
       Potion            |       |     1 |     1 |     7 ||     9
 Stab: Invisible         |       |       |     5 |       ||     5
       Confused          |       |       |     1 |     1 ||     2
       Distracted        |       |       |     1 |       ||     1
  Eat: Chunk             |     2 |     5 |    14 |     5 ||    26
       Beef jerky        |       |       |     1 |       ||     1
       Pizza             |       |       |     1 |       ||     1

Vault maps used:
D:1:      zelgadis_glass_arrival_small, kennysheep_boxes
D:2:      grunt_ministairs_12, hangedman_decor_clover_reticule, uniq_jessica,
          uniq_terence
D:3:      minmay_stone_trees_medium, uniq_grinder
D:4:      grunt_temple_overflow_open, glass_columns_b, serial_bayou_pond_b,
          uniq_robin
D:5:      lemuel_round_altar, first_bread, serial_shops, shop,
          lemuel_another_geyser
D:6:      serial_shops, shop
D:7:      minmay_temple_entry_crystal_x, uniq_eustachio, uniq_pikel,
          uniq_crazy_yiuf_cottage
D:8:      nicolae_ossuary_entry_false_entrances, hangedman_ranch, trog_book
D:9:      nicolae_dithmenos_the_darkroom, tgw_fedhas, lemuel_round_altar,
          david_lair_shrubbed, kb_rosetta
Ossuary:  ossuary_tomb_2
